[Event "NJSK 2026 Jeugd C"]
[Site "Helmond, Netherlands"]
[Date "2026.04.27"]
[Round "4.10"]
[White "Omnes, Tiago"]
[Black "Shaikh, Rushaan"]
[Result "1-0"]
[TimeControl "90min/40moves + 30sec/move"]
[WhiteTitle "-"]
[BlackTitle "-"]
[WhiteFideId "1091867"]
[BlackFideId "40113604"]
[WhiteElo "1990"]
[BlackElo "1842"]

1. Nf3 g6 2. e4 Bg7 3. d4 d6 4. c4 Bg4 5. Be2 Nc6 6. Be3 e5 7. d5 Bxf3 8. Bxf3 Nd4 9.
Nc3 Ne7 10. Be2 f5 11. Bd3 Qd7 12. Qd2 h6 13. O-O-O fxe4 14. Bxe4 Ndf5 15. Kb1 a6 16. f3 Nxe3 17. Qxe3 Nf5 18.
Qd3 Qf7 19. Rde1 O-O-O 20. g4 Nh4 21. Re2 Bf6 22. Qe3 Kb8 23. Na4 b6 24. a3 Qd7 25. Nc3 Qe8 26. b4 Kb7 27. c5 Rb8 28.
c6+ Kc8 29. Bd3 Ra8 30. Ne4 Be7 31. Rf1 g5 32. Ng3 Ng6 33. Bxg6 Qxg6+ 34. Qe4 Rg8 35. Nf5 Kd8 36. Ka2 Rf8 37.
f4 gxf4 38. Rxf4 Bg5 39. Rf3 Rg8 40. h4 Be7 41. Rg3 Rf8 42. Qe3 h5 43. Nxe7 Kxe7 44. gxh5 Qxh5 45. Rh2 Rg8 46. Rhg2 Rxg3 47.
Qxg3 Rf8 48. Qh3 Qf5 49. Rg7+ Kd8 50. Qxf5 Rxf5 51. Rd7+ Kc8 52. Rh7 Rf8 53. Kb2 Kd8 54. h5 Rf3 55. h6 e4 56. Rd7+ Ke8 57. h7 Rh3 58.
Rg7 e3 59. Rg8+ Kf7 60. h8=Q e2 61. Qg7# 1-0

[Event "NJSK 2026 Jeugd C"]
[Site "Helmond, Netherlands"]
[Date "2026.04.27"]
[Round "4.11"]
[White "Brorens, Victor"]
[Black "Huang, Ziyang"]
[Result "0-1"]
[TimeControl "90min/40moves + 30sec/move"]
[WhiteTitle "-"]
[BlackTitle "-"]
[WhiteFideId "1095307"]
[BlackFideId "40105288"]
[WhiteElo "1911"]
[BlackElo "1721"]

1. e4 c5 2. c3 d5 3. exd5 Qxd5 4.
d4 Nf6 5. Nf3 Nc6 6. Be2 e6 7. Bf4 Be7 8. O-O O-O 9. Ne5 Nxe5 10. dxe5 Qxd1 11. Rxd1 Nd5 12. Bg3 Bd7 13. c4 Nb6 14.
Nc3 Bc6 15. Rd2 Rfd8 16. Rad1 Rxd2 17. Rxd2 Rd8 18. Rxd8+ Bxd8 19. f4 Nc8 20. Kf2 Ne7 21. Bf3 Bxf3 22. Kxf3 Nf5 23. Bf2 Nh4+ 24. Bxh4 Bxh4 25. Nb5 a6 26. Nd6 b6 27. a4 a5 28.
Ke4 Kf8 29. h3 Bd8 30. g4 Ke7 31. g5 f6 32. h4 f5+ 33. Kd3 g6 34. Nb7 Bc7 35. b4 cxb4 36. c5 Kd7 37. cxb6 Bxb6 38.
Nd6 Kc6 39. Ne8 Bf2 40. Nf6 Bxh4 41. Nxh7 Bg3 42. Ke3 Bxf4+ 43. Kxf4 b3 0-1

[Event "NJSK 2026 Jeugd C"]
[Site "Helmond, Netherlands"]
[Date "2026.04.27"]
[Round "4.12"]
[White "Fu, Ziqing"]
[Black "Roersma, Dylan"]
[Result "1-0"]
[TimeControl "90min/40moves + 30sec/move"]
[WhiteTitle "-"]
[BlackTitle "-"]
[WhiteFideId "40109623"]
[BlackFideId "1097393"]
[WhiteElo "1810"]
[BlackElo "1846"]

1. e4 c5 2. Nf3 Nc6 3. d4 cxd4 4. Nxd4 e5 5. Nb5 d6 6. N1c3 a6 7. Na3 b5 8. Nd5 Nf6 9. Bg5 Be7 10.
Bxf6 Bxf6 11. Bd3 Be6 12. c4 b4 13. Nc2 a5 14. O-O Bg5 15. Be2 O-O 16. Bg4 Rb8 17. b3 Qd7 18. Bxe6 fxe6 19.
Nde3 Nd4 20. Qd3 h5 21. Rad1 Bf6 22. f4 Qa7 23. Kh1 Qc5 24. f5 Nxc2 25. Nxc2 exf5 26. Rxf5 g6 27. Rff1 Rbd8 28. Ne3 Bg5 29.
Nd5 Kg7 30. Qg3 Bh6 31. Qh4 Qa7 32. Rf6 Kh7 33. Re6 Qf2 34. Nf6+ Rxf6 35. Qxf6 Qxf6 36. Rxf6 Bf8 37. Rf7+ Kh6 38.
Ra7 Kg5 39. Rxa5 Kf4 40. Re1 g5 41. Ra7 g4 42. Rf7+ Kg5 43. Ref1 Bh6 44. R7f6 g3 45. R1f5+ Kh4 46. Rxh6 gxh2 47.
Rhxh5+ Kg3 48. Rh3+ Kg4 49. Kxh2 Ra8 50. Rg3+ Kh4 51. Rfg5 d5 52. R3g4# 1-0

[Event "NJSK 2026 Jeugd C"]
[Site "Helmond, Netherlands"]
[Date "2026.04.27"]
[Round "4.13"]
[White "Nguyen, Paul"]
[Black "Mendelsohn, Saffran"]
[Result "1-0"]
[TimeControl "90min/40moves + 30sec/move"]
[WhiteTitle "-"]
[BlackTitle "-"]
[WhiteFideId "1095072"]
[BlackFideId "40108996"]
[WhiteElo "1845"]
[BlackElo "1767"]

1. e4 c5 2. Nf3 Nc6 3. d4 cxd4 4. Nxd4 Nf6 5. Nc3 e5 6. Nxc6 bxc6 7. Bc4 Bb4 8. O-O O-O 9. Qe2 Bb7 10.
Rd1 h6 11. a3 Bxc3 12. bxc3 d5 13. exd5 cxd5 14. Qxe5 Re8 15. Qg3 Ne4 16. Qf3 Qa5 17. Bd3 d4 18. Qg4 h5 19. Qd7 Nxc3 20.
Bd2 Qd5 21. Qxd5 Bxd5 22. Re1 Rab8 23. Bf4 Rbc8 24. f3 a5 25. Re5 g6 26. Rae1 Rxe5 27. Bxe5 Bc4 28. Bxd4 Bxd3 29. cxd3 Nb5 30.
Bb2 Rc2 31. Re8+ Kh7 32. Rh8# 1-0

[Event "NJSK 2026 Jeugd C"]
[Site "Helmond, Netherlands"]
[Date "2026.04.27"]
[Round "4.14"]
[White "Lalkota, Sai Pranav Tejas"]
[Black "Tkacenko, Kostia"]
[Result "1-0"]
[TimeControl "90min/40moves + 30sec/move"]
[WhiteTitle "-"]
[BlackTitle "-"]
[WhiteFideId "1087690"]
[BlackFideId "40120708"]
[WhiteElo "1830"]
[BlackElo "1552"]

1. c4 e5 2. Nc3 Nf6 3. g3 d5 4. cxd5 Nxd5 5. Bg2 Nb6 6. d3 Nc6 7. Nf3 Bd6 8. O-O O-O 9. Bg5 f6 10.
Be3 Be6 11. Rc1 Qd7 12. Nb5 Nd5 13. Bd2 a6 14. Nxd6 cxd6 15. Qa4 Nb6 16. Qd1 d5 17. e4 Rad8 18. Be3 d4 19. Bd2 Bxa2 20.
b3 Qf7 21. Rc4 Nxc4 22. bxc4 Bxc4 23. dxc4 Qxc4 24. Qb1 b5 25. Bh3 d3 26. Bg2 Rd6 27. Rc1 Qe6 28. Bf1 Rfd8 29. Ne1 Nd4 30.
Ba5 d2 31. Bxd2 Ne2+ 32. Bxe2 Rxd2 33. Bd1 Qb6 34. Qb3+ Kh8 35. Qf3 a5 36. Ng2 a4 37. Ne3 a3 38. Ra1 Qd6 39. Nd5 b4 40.
Qe3 Rxd5 41. exd5 Qxd5 42. Bb3 Qa8 43. Qb6 Rb8 44. Qd6 Qb7 45. Rc1 h6 46. Qc7 Qxc7 47. Rxc7 Ra8 48. Rc2 Kh7 49.
Kg2 Kg6 50. Kf3 Rd8 51. Ke3 Rd4 52. Rc4 Rxc4 53. Bxc4 Kf5 54. Bb3 g5 55. h3 h5 56. f3 e4 57. fxe4+ Ke5 58. g4 h4 59.
Ba2 Kd6 60. Kd4 Kc6 61. e5 fxe5+ 62. Kxe5 Kc5 63. Ke4 Kb5 64. Kd5 b3 65. Bxb3 Kb4 66. Ba2 Kc3 67. Ke5 Kb2 68. Bd5 a2 69.
Bxa2 Kxa2 70. Kf5 Kb3 71. Kxg5 1-0

[Event "NJSK 2026 Jeugd C"]
[Site "Helmond, Netherlands"]
[Date "2026.04.27"]
[Round "4.16"]
[White "Bajnath, Dhanesh"]
[Black "Ozbek, Ahmet Naim"]
[Result "0-1"]
[TimeControl "90min/40moves + 30sec/move"]
[WhiteTitle "-"]
[BlackTitle "-"]
[WhiteFideId "40104842"]
[BlackFideId "40101975"]
[WhiteElo "1889"]
[BlackElo "1869"]

1. e4 e5 2. Nf3 Nc6 3. d4 exd4 4.
Nxd4 Nf6 5. Nc3 Nxe4 6. Nxe4 Qe7 7. f3 d5 8. Bb5 Bd7 9. O-O dxe4 10. Re1 O-O-O 11. Bf1 Nxd4 12. Qxd4 Qc5 13.
Qxc5 Bxc5+ 14. Be3 Bxe3+ 15. Rxe3 exf3 16. Rxf3 Be6 17. Bd3 g6 18. b3 Rd6 19. Re1 Rhd8 20. h3 c6 21. Rf4 Rd4 22.
Ree4 Rxe4 23. Rxe4 Bf5 24. Rf4 Bxd3 25. cxd3 Rd7 26. Rf3 Re7 27. Kf2 Kd7 28. Rf6 Ke8 29. Rf4 Re5 30. Rb4 b5 31.
Rd4 Ke7 32. a4 a6 33. Kf3 Rd5 34. Re4+ Kf6 35. d4 bxa4 36. bxa4 Ra5 37. Re8 Rxa4 38. Rc8 Rc4 39. Ra8 Rxd4 40.
Rxa6 Rc4 41. g4 Rc3+ 42. Kf4 Rxh3 43. Rxc6+ Kg7 44. Rc7 Ra3 45. Rc4 Ra5 46. g5 h6 47. gxh6+ Kxh6 48. Kg4 Ra1 49. Rc6 Ra4+ 50. Kg3 Kg5 0-1

[Event "NJSK 2026 Jeugd C"]
[Site "Helmond, Netherlands"]
[Date "2026.04.27"]
[Round "4.17"]
[White "Nair, Pranav Prasobh"]
[Black "Cubuk, Armin"]
[Result "1/2-1/2"]
[TimeControl "90min/40moves + 30sec/move"]
[WhiteTitle "-"]
[BlackTitle "-"]
[WhiteFideId "40109135"]
[BlackFideId "40105423"]
[WhiteElo "1747"]
[BlackElo "1881"]

1. e4 c6 2. d4 d5 3. e5 c5 4. c3 Nc6 5. Be2 Bf5 6. Nf3 e6 7. O-O Bg6 8. a3 cxd4 9. cxd4 Nge7 10.
b4 Nf5 11. Bb2 Be7 12. Nc3 O-O 13. Rc1 Rc8 14. Qd2 Nh4 15. Nxh4 Bxh4 16. Bg4 Re8 17. g3 Be7 18. Na4 b5 19.
Nc5 Qb6 20. f4 Bxc5 21. Rxc5 Ne7 22. Rfc1 Rxc5 23. Rxc5 Rc8 24. Rxc8+ Nxc8 25. Qc3 Ne7 26. Bh3 Qc6 27. Bf1 a6 28. Qxc6 Nxc6 29. Bc3 Bc2 30. Kf2 Kf8 31.
Ke3 Bb3 32. g4 g6 33. Bd3 Ne7 34. h4 Bd1 35. g5 Nc8 36. Kd2 Bb3 37. Ke3 Nb6 38. Kd2 Ke7 39. Bb2 Kd7 40. Kc3 Bc4 41.
Bc2 Kc6 42. Bc1 Na4+ 43. Bxa4 bxa4 44. Bd2 Kb5 45. Bc1 a5 46. bxa5 Kxa5 47. Bd2 1/2-1/2

[Event "NJSK 2026 Jeugd C"]
[Site "Helmond, Netherlands"]
[Date "2026.04.28"]
[Round "5.1"]
[White "Teianu, Sabin"]
[Black "Guillaumond, Matthieu"]
[Result "1/2-1/2"]
[TimeControl "90min/40moves + 30sec/move"]
[WhiteTitle "-"]
[BlackTitle "-"]
[WhiteFideId "1095846"]
[BlackFideId "1097091"]
[WhiteElo "2131"]
[BlackElo "2104"]

1. d4 d5 2. c4 e6 3. Nf3 Nf6 4. Nc3 Nbd7 5. cxd5 exd5 6. Bg5 Bb4 7. Qc2 c5 8. dxc5 Qa5 9. Bd2 Nxc5 10.
Rc1 Nce4 11. a3 Bxc3 12. Bxc3 Qb6 13. Bd4 Qa5+ 14. Bc3 Qb6 15. Bd4 1/2-1/2

[Event "NJSK 2026 Jeugd C"]
[Site "Helmond, Netherlands"]
[Date "2026.04.28"]
[Round "5.2"]
[White "Thijssen, Freek"]
[Black "Blok, Lukas"]
[Result "0-1"]
[TimeControl "90min/40moves + 30sec/move"]
[WhiteTitle "-"]
[BlackTitle "-"]
[WhiteFideId "1091840"]
[BlackFideId "40110494"]
[WhiteElo "2159"]
[BlackElo "1991"]

1. e4 d6 2. d4 Nf6 3. Nc3 g6 4. Be3 c6 5. Qd2 Nbd7 6. Nf3 Bg7 7. Bh6 O-O 8. h4 Bxh6 9. Qxh6 Ng4 10.
Qd2 h5 11. Ng5 e5 12. f3 Ngf6 13. O-O-O Qa5 14. g4 b5 15. Kb1 Kg7 16. Bh3 Nb6 17. gxh5 Nxh5 18. Bg4 Nc4 19. Qc1 Nf4 20.
dxe5 dxe5 21. Bxc8 b4 22. Be6 fxe6 23. Rd7+ Kg8 24. Nxe6 bxc3 25. Rg7+ Kh8 26. h5 g5 27. Nxf4 cxb2 28.
Ng6+ Kxg7 29. Qxg5 Na3+ 30. Kxb2 Rab8+ 0-1

[Event "NJSK 2026 Jeugd C"]
[Site "Helmond, Netherlands"]
[Date "2026.04.28"]
[Round "5.3"]
[White "Pathak, Raghav"]
[Black "Huang, Vincent"]
[Result "1-0"]
[TimeControl "90min/40moves + 30sec/move"]
[WhiteTitle "-"]
[BlackTitle "-"]
[WhiteFideId "1084259"]
[BlackFideId "40104184"]
[WhiteElo "2091"]
[BlackElo "1855"]

1. e4 c5 2. Nf3 d6 3. d4 cxd4 4. Nxd4 Nf6 5. Nc3 g6 6. Be3 Bg7 7. f3 O-O 8. Bc4 Nc6 9. Qd2 a6 10.
a3 Qc7 11. Ba2 Ne5 12. Qe2 Bd7 13. g4 Nc6 14. O-O-O b5 15. g5 Nh5 16. Nd5 Qd8 17. Nxc6 Bxc6 18. f4 e6 19. Bb6 Qd7 20.
Nf6+ Bxf6 21. gxf6 Nxf6 22. Bd4 Nxe4 23. Rhg1 d5 24. h4 f6 25. h5 Kg7 26. hxg6 h6 27. Qh5 Rh8 28. Rde1 Raf8 29.
Re3 Qd6 30. Rf1 Qc7 31. c3 a5 32. Bb1 b4 33. axb4 axb4 34. Bxe4 dxe4 35. Qc5 Qb7 36. cxb4 Bb5 37. Kd2 Bxf1 38.
Ra3 Ba6 39. f5 Rd8 40. Rxa6 Rd7 41. Rxe6 Rf8 42. Ke3 Rc7 43. Qd6 Rd7 44. Bxf6+ Rxf6 45. Qe5 Rd3+ 46. Ke2 Rd2+ 47. Ke1 Rd8 48.
Qxf6+ Kg8 49. Qxd8+ Kg7 50. Qf6+ Kg8 51. Re8# 1-0

[Event "NJSK 2026 Jeugd C"]
[Site "Helmond, Netherlands"]
[Date "2026.04.28"]
[Round "5.4"]
[White "Lenting, Roan"]
[Black "Koppenens, Oscar"]
[Result "1-0"]
[TimeControl "90min/40moves + 30sec/move"]
[WhiteTitle "-"]
[BlackTitle "-"]
[WhiteFideId "1085905"]
[BlackFideId "1087940"]
[WhiteElo "1986"]
[BlackElo "2036"]

1. c4 f5 2. Nc3 Nf6 3. d4 g6 4. g3 Bg7 5. Bg2 d6 6. Nf3 c6 7. O-O O-O 8. Qb3 Na6 9. c5+ d5 10.
Ne5 Nd7 11. f4 Nxe5 12. fxe5 e6 13. Qa3 Nc7 14. b4 a5 15. bxa5 Nb5 16. Nxb5 Rxa5 17. Qd3 cxb5 18. Bd2 Ra4 19.
e3 Bd7 20. Rfb1 b6 21. Bb4 Rf7 22. Bf1 Bc6 23. Qb3 Rb7 24.
cxb6 Qxb6 25. a3 Ra8 26. Rc1 Rc8 27. Rc3 Bf8 28. Rac1 Rbb8 29.
Bxf8 Kxf8 30. Qb4+ Kf7 31. Qd6 Rd8 32. Qxc6 Qxc6 33. Rxc6 Rd7 34. Rb1 Rdb7 35. Rb4 Ra8 36. Rc3 Ra5 37.
Rcb3 Rba7 38. Rxb5 Rxa3 39. Rxa3 Rxa3 40. Rb7+ Kg8 41. Kf2 h6 42. Re7 Ra2+ 43. Be2 1-0

[Event "NJSK 2026 Jeugd C"]
[Site "Helmond, Netherlands"]
[Date "2026.04.28"]
[Round "5.5"]
[White "Uitermark, Imre"]
[Black "Leenen, Boyd"]
[Result "0-1"]
[TimeControl "90min/40moves + 30sec/move"]
[WhiteTitle "-"]
[BlackTitle "-"]
[WhiteFideId "40105199"]
[BlackFideId "1083937"]
[WhiteElo "1957"]
[BlackElo "2205"]

1. e4 e5 2. Nf3 Nc6 3. Bc4 Nf6 4.
d3 Be7 5. c3 d6 6. O-O O-O 7. h3 Na5 8. Bb5 a6 9. Ba4 c5 10. Bc2 b5 11. Re1 Qc7 12. Nbd2 Nc6 13. Nf1 Be6 14.
Qe2 h6 15. Ne3 Rfe8 16. Bd2 Bf8 17. Nh2 Qd7 18. Nhf1 d5 19. exd5 Nxd5 20. Nxd5 Bxd5 21. Ne3 Be6 22. a3 Rad8 23. Rad1 f5 24. Qh5 f4 25. Nf1 Bf5 26. Qf3 c4 27. Bc1 cxd3 28. Rd2 Be7 29. Bxd3 Bxd3 30. Rxd3 Qxd3 31. Qxc6 Qd6 32.
Qe4 Bf8 33. Nd2 Qd3 34. Qc6 a5 35. Nf3 b4 36. axb4 axb4 37. Bxf4 Rc8 38. Qa4 e4 39. Rd1 Qc4 40. Rd4 Qe6 41.
Ne5 Qf5 42. Qb3+ Kh7 43. Bg3 Rxe5 44. Bxe5 Qxe5 45. Qc2 Qxd4 0-1

[Event "NJSK 2026 Jeugd C"]
[Site "Helmond, Netherlands"]
[Date "2026.04.28"]
[Round "5.6"]
[White "Gupta, Akul"]
[Black "Omnes, Tiago"]
[Result "1/2-1/2"]
[TimeControl "90min/40moves + 30sec/move"]
[WhiteTitle "-"]
[BlackTitle "-"]
[WhiteFideId "1084194"]
[BlackFideId "1091867"]
[WhiteElo "2017"]
[BlackElo "1990"]

1. d4 Nf6 2. Nc3 d5 3. Bf4 c5 4. e4 Nxe4 5. Nxe4 dxe4 6. dxc5 Qa5+ 7. c3 Qxc5 8. Qa4+ Nc6 9. Qxe4 g6 10.
Nf3 Bg7 11. Qe3 Qxe3+ 12. Bxe3 O-O 13. Bb5 Bd7 14. O-O Rfd8 15. Rad1 Be6 16. Bxc6 Rxd1 17. Rxd1 bxc6 18. Nd4 Bxd4 1/2-1/2

[Event "NJSK 2026 Jeugd C"]
[Site "Helmond, Netherlands"]
[Date "2026.04.28"]
[Round "5.7"]
[White "Huang, Ziyang"]
[Black "Sosef, Noah"]
[Result "0-1"]
[TimeControl "90min/40moves + 30sec/move"]
[WhiteTitle "-"]
[BlackTitle "-"]
[WhiteFideId "40105288"]
[BlackFideId "40107060"]
[WhiteElo "1721"]
[BlackElo "2012"]

1. e4 c6 2. d4 d5 3. e5 c5 4. dxc5 e6 5. a3 Nc6 6. Nf3 Bxc5 7. b4 Bb6 8. Bb2 Nge7 9. Bd3 Ng6 10.
O-O Nf4 11. Re1 Nxd3 12. Qxd3 O-O 13. Nbd2 a5 14. b5 Nb8 15. c4 Nd7 16. a4 Nc5 17. Qc2 Bd7 18. Bd4 Rc8 19. Bxc5 Bxc5 20.
Qd3 Be8 21. Nb3 Bb4 22. Red1 b6 23. cxd5 Rc3 24. Qb1 exd5 25. Rc1 Bd7 26. Rxc3 Bxc3 27. Ra2 h6 28. Nbd4 Bxd4 29. Nxd4 Qg5 30.
Nf3 Qf5 31. Qxf5 Bxf5 32. Rd2 Rc8 33. h3 Be6 34. Nd4 Rc4 35. Nc6 Rxa4 36. Ne7+ Kf8 37. Nxd5 Bxd5 38. Rxd5 Rb4 39. Kh2 a4 40.
f3 Ke7 41. Kg3 g5 42. Kh2 a3 43. Rd3 Ra4 44. Rd1 a2 45. Ra1 Ke6 46. g4 Kxe5 47. Kg3 Kd5 48. h4 Kc5 49. f4 Ra3+ 50.
Kf2 gxh4 51. g5 hxg5 52. f5 Kxb5 53. f6 Kc4 54. Kg2 Kb3 55. Kh2 Kb2 56. Rg1 a1=Q 57. Rg2+ Kb3 58. Rf2 Ra2 0-1

[Event "NJSK 2026 Jeugd C"]
[Site "Helmond, Netherlands"]
[Date "2026.04.28"]
[Round "5.8"]
[White "Suthan, Aadvik"]
[Black "Zhang, Xiheng"]
[Result "0-1"]
[TimeControl "90min/40moves + 30sec/move"]
[WhiteTitle "-"]
[BlackTitle "-"]
[WhiteFideId "1095765"]
[BlackFideId "40102386"]
[WhiteElo "1822"]
[BlackElo "2135"]

1. e4 c5 2. Nf3 e6 3. d4 cxd4 4. Nxd4 Nf6 5. Nc3 Nc6 6. Nxc6 bxc6 7. e5 Nd5 8. Ne4 Qc7 9. f4 Qb6 10.
a3 Ba6 11. Bxa6 Qxa6 12. Qd3 Qxd3 13. cxd3 Be7 14. Bd2 Rb8 15. b4 O-O 16. O-O f6 17. d4 Rf7 18. g3 h6 19. Kg2 f5 20.
Nc5 Bxc5 21. dxc5 Rff8 22. Rab1 Rb7 23. Rfc1 Rfb8 24. Rc4 a5 25. Rd4 axb4 26. Bxb4 Ne3+ 27. Kf3 Nc2 28. Rbd1 Nxd4+ 29. Rxd4 Kf7 30. h4 g5 31. fxg5 hxg5 32. h5 Kg7 33. g4 Rf8 34. Rd6 Kh6 35. Rd4 fxg4+ 36. Kxg4 Rf5 37. Re4 Ra7 38.
Kg3 Kxh5 39. Re1 Rf4 40. Rh1+ Rh4 41. Rf1 Re4 42. Rh1+ Kg6 43. Rf1 Rxe5 44. Rf3 Ra8 45. Rd3 Rd5 46.
Rf3 Rh8 47. Bc3 e5 48. Re3 Rxc5 49. Bxe5 Re8 50. Bd4 Rxe3+ 51. Bxe3 Rc3 52. Kf2 Rxa3 53. Kf3 Kf5 54. Kf2 Rxe3 55.
Kxe3 c5 56. Kd3 d5 57. Kc3 Ke4 58. Kb3 Kd3 59. Ka4 Kc4 60. Ka5 d4 61. Kb6 d3 62. Kc6 d2 63. Kb6 d1=Q 64. Kc6 Qd5+ 65. Kb6 Qd7 66. Ka6 Qb5+ 67.
Ka7 Kd5 68. Ka8 Kc6 69. Ka7 Qb7# 0-1

[Event "NJSK 2026 Jeugd C"]
[Site "Helmond, Netherlands"]
[Date "2026.04.28"]
[Round "5.9"]
[White "Botter, Simon"]
[Black "Nguyen, Paul"]
[Result "1-0"]
[TimeControl "90min/40moves + 30sec/move"]
[WhiteTitle "-"]
[BlackTitle "-"]
[WhiteFideId "40107698"]
[BlackFideId "1095072"]
[WhiteElo "1988"]
[BlackElo "1845"]

1. d4 d5 2. c4 c6 3. Nf3 Nf6 4. Nc3 dxc4 5. a4 Bf5 6. Ne5 e6 7. f3 Bb4 8. e4 Bg6 9. Bxc4 Nbd7 10.
Nd3 Be7 11. Be3 Qc7 12. Rc1 Rd8 13. Qe2 O-O 14. O-O Rfe8 15. Qf2 a6 16. Rfd1 b5 17. Ba2 Qa5 18. axb5 cxb5 19. Ra1 b4 20.
Bxe6 Qc7 21. Nd5 Nxd5 22. Bxd5 Qb6 23. Nf4 Rc8 24. h4 Nf6 25. Bb3 Red8 26. e5 Ne8 27. Nd5 Qb7 28. Nxe7+ Qxe7 29.
Bg5 Qb7 30. Bxd8 Rxd8 31. d5 Qe7 32. f4 Bf5 33. Rxa6 Kh8 34. d6 Qd7 35. Ba4 Qe6 36. Bxe8 Qxe8 37. d7 Bxd7 38. Rad6 h5 39.
Qd4 Qe7 40. Rxd7 Rxd7 41. Qxd7 Qxh4 42. Qd8+ 1-0

[Event "NJSK 2026 Jeugd C"]
[Site "Helmond, Netherlands"]
[Date "2026.04.28"]
[Round "5.10"]
[White "Lalkota, Sai Pranav Tejas"]
[Black "Nadrshin, Oleg"]
[Result "1/2-1/2"]
[TimeControl "90min/40moves + 30sec/move"]
[WhiteTitle "-"]
[BlackTitle "-"]
[WhiteFideId "1087690"]
[BlackFideId "40111873"]
[WhiteElo "1830"]
[BlackElo "1894"]

1. c4 c5 2. g3 Nc6 3. Bg2 g6 4. Nc3 Bg7 5. e4 e5 6. Nge2 d6 7. O-O Nge7 8. f4 exf4 9. Nxf4 O-O 10.
d3 a6 11. Be3 Nd4 12. Qd2 Rb8 13. Ncd5 Nxd5 14. Nxd5 Be6 15. Bg5 f6 16. Be3 Bxd5 17. cxd5 f5 18. Bxd4 Bxd4+ 19. Kh1 fxe4 20. Rxf8+ Qxf8 21. Rf1 Qg7 22.
dxe4 Rf8 23. Rxf8+ Qxf8 24. b3 Kg7 25. Qe2 Qf7 1/2-1/2

[Event "NJSK 2026 Jeugd C"]
[Site "Helmond, Netherlands"]
[Date "2026.04.28"]
[Round "5.11"]
[White "Zhou, Yanyang"]
[Black "Fu, Ziqing"]
[Result "1-0"]
[TimeControl "90min/40moves + 30sec/move"]
[WhiteTitle "-"]
[BlackTitle "-"]
[WhiteFideId "40109739"]
[BlackFideId "40109623"]
[WhiteElo "1860"]
[BlackElo "1810"]

1. e4 e5 2. Nf3 Nc6 3. Bb5 a6 4. Ba4 Nf6 5. O-O b5 6. Bb3 Bc5 7. a4 Bb7 8. d3 O-O 9. Bg5 Be7 10.
axb5 axb5 11. Rxa8 Bxa8 12. Na3 Bxa3 13. bxa3 h6 14. Bc1 d5 15. exd5 Nxd5 16. Bb2 Re8 17. Re1 Qd6 18. Qa1 Nf6 19.
Nxe5 Nxe5 20. Rxe5 Rxe5 21. Bxe5 Qc6 22. f3 Ne8 23. Qd4 Qg6 24. Qd8 Bc6 25. Bxc7 Kh7 26. Bg3 Nf6 27. Qd6 Bd7 28.
Qe7 Be8 29. Bh4 Bc6 30. Bxf7 Qf5 31. Bxf6 Qxf6 32. Qxf6 gxf6 33. c4 Kg7 34. cxb5 Bxb5 35. Bc4 Bc6 36. Kf2 Kf8 37. Ke3 Ke7 38.
d4 Kd6 39. Kf4 Bd7 40. Bb3 Bc8 41. a4 Bd7 42. a5 Bc8 43. Bc4 Kc6 44. a6 Kb6 45. h4 Ka7 46. g4 Kb6 47. g5 fxg5+ 48. hxg5 hxg5+ 49. Kxg5 Ka7 50. f4 Kb6 51. f5 Ka7 52. f6 Kb6 53. f7 Ka7 54. f8=Q Kb8 55. Qb4+ Ka7 56. Qe7+ Kb6 57.
Qc5# 1-0

[Event "NJSK 2026 Jeugd C"]
[Site "Helmond, Netherlands"]
[Date "2026.04.28"]
[Round "5.12"]
[White "Shaikh, Rushaan"]
[Black "Okita, Ryoga"]
[Result "1/2-1/2"]
[TimeControl "90min/40moves + 30sec/move"]
[WhiteTitle "-"]
[BlackTitle "-"]
[WhiteFideId "40113604"]
[BlackFideId "1090666"]
[WhiteElo "1842"]
[BlackElo "1812"]

1. f4 c5 2. Nf3 Nc6 3. e3 g6 4. Bb5 Bg7 5. Bxc6 bxc6 6. O-O Nf6 7. d3 d6 8. e4 Bg4 9. h3 Bxf3 10.
Qxf3 O-O 11. Nc3 d5 12. e5 Nd7 13. b3 e6 14. Na4 Qa5 15. Ba3 Rfc8 16. Qe3 d4 17. Qe1 Qxe1 18. Rfxe1 Bf8 19. Rac1 Nb6 20. Bxc5 Nxa4 21.
Bxf8 Nc3 22. Bc5 Rd8 23. a3 a5 24. g3 Rd5 25. Bd6 Rxd6 26. exd6 Rd8 27. Kf2 Rxd6 28. Re5 Nd5 29. c4 dxc3 30.
Rxd5 cxd5 31. Rxc3 Rb6 32. Ke3 Kg7 33. b4 axb4 34. Rb3 Kf6 35. Rxb4 Ra6 36. a4 h5 37. Kd4 Ra5 38. Kc3 Kf5 39.
Rb7 f6 40. Kb4 Ra8 41. Rb6 Re8 42. a5 h4 43. gxh4 Kxf4 44. a6 Kg3 45. a7 Ra8 46. Rxe6 Rxa7 47. Rxf6 Rg7 48. Kc5 Kxh3 49.
h5 gxh5 50. Kxd5 Kg3 51. Rh6 h4 52. d4 h3 53. Ke6 Rg4 54. d5 h2 55. d6 Re4+ 56. Kf7 Rd4 57. Ke7 Rh4 58. Rxh4 Kxh4 59.
d7 h1=Q 60. d8=Q Qg2 61. Qh8+ Kg3 62. Qg7+ Kh2 63. Qxg2+ Kxg2 1/2-1/2

[Event "NJSK 2026 Jeugd C"]
[Site "Helmond, Netherlands"]
[Date "2026.04.28"]
[Round "5.13"]
[White "Ozbek, Ahmet Naim"]
[Black "Ngangbam, Chingthang"]
[Result "1-0"]
[TimeControl "90min/40moves + 30sec/move"]
[WhiteTitle "-"]
[BlackTitle "-"]
[WhiteFideId "40101975"]
[BlackFideId "1086510"]
[WhiteElo "1869"]
[BlackElo "1937"]

1. d4 Nf6 2. c4 g6 3. Nc3 d5 4. Nf3 Bg7 5. Qb3 c6 6. Bf4 dxc4 7. Qxc4 Be6 8. Qd3 Nd5 9. Be5 O-O 10.
Bxg7 Kxg7 11. e3 Qb6 12. Qd2 Rd8 13. Na4 Qc7 14. Nc5 Bc8 15. Be2 b6 16. Nd3 Nd7 17. O-O N5f6 18. Rac1 Bb7 19.
Qc2 Rac8 20. b4 Ne4 21. Qb2 Ndf6 22. Nfe5 Nd7 23. d5 Nxe5 24. Nxe5 f6 25. Nxc6 Bxc6 26. Rxc6 Qd7 27. f3 Nd6 28.
Rxc8 Rxc8 29. Rc1 Qb7 30. e4 b5 31. Rxc8 Qxc8 32. Bd3 Qc7 33. Qc2 Nc4 34. Bxc4 bxc4 35. Qc3 h5 36. h3 h4 37.
Kf2 Qg3+ 38. Kf1 Qc7 39. a4 Kh6 40. e5 fxe5 41. Qe3+ Kg7 42. Qc5 Qd7 43. b5 c3 44. Ke2 e6 45.
d6 Kf6 46. f4 exf4 47. Qxc3+ e5 48. Qc7 Qe6 49. Qd8+ Kf5 50. Qf8+ Ke4 51. Qa8+ Kf5 52. Qf8+ Ke4 53. Qa8+ Kf5 54.
Qc6 e4 55. Qc5+ Kf6 56. Qd4+ Kf5 57. d7 Qa2+ 58. Ke1 Qb1+ 59. Qd1 Qb4+ 60. Kf1 Qc4+ 61. Kg1 f3 62. d8=Q f2+ 63. Kxf2 e3+ 64.
Kg1 1-0

[Event "NJSK 2026 Jeugd C"]
[Site "Helmond, Netherlands"]
[Date "2026.04.28"]
[Round "5.14"]
[White "Tkacenko, Kostia"]
[Black "Brorens, Victor"]
[Result "1-0"]
[TimeControl "90min/40moves + 30sec/move"]
[WhiteTitle "-"]
[BlackTitle "-"]
[WhiteFideId "40120708"]
[BlackFideId "1095307"]
[WhiteElo "1552"]
[BlackElo "1911"]

1. e4 e5 2. Nf3 Nc6 3. Bb5 Nf6 4. O-O Bc5 5. c3 O-O 6. Re1 d6 7. h3 Re8 8. d3 h6 9. Be3 Bxe3 10.
fxe3 Bd7 11. Nbd2 a6 12. Ba4 Ne7 13. Bb3 Ng6 14. d4 c6 15. Qc2 d5 16. exd5 e4 17. Ne5 Nxe5 18. dxe5 Rxe5 19.
dxc6 Bxc6 20. Rad1 Qc7 21. Rf1 b5 22. Rf4 Qa7 23. Re1 Rd8 24. Nf1 Rd6 25. Ng3 Qc5 26. Qf2 Bd5 27. Nf5 Rde6 28.
Nxh6+ Kh7 29. Nxf7 Rh5 30. Rf5 Rxf5 31. Qxf5+ g6 32. Qf4 Bxb3 33. Ng5+ Kg7 34. axb3 Re5 35. Rf1 Rf5 1-0

[Event "NJSK 2026 Jeugd C"]
[Site "Helmond, Netherlands"]
[Date "2026.04.28"]
[Round "5.16"]
[White "Roersma, Dylan"]
[Black "De Wit, Jim"]
[Result "1/2-1/2"]
[TimeControl "90min/40moves + 30sec/move"]
[WhiteTitle "-"]
[BlackTitle "-"]
[WhiteFideId "1097393"]
[BlackFideId "1097326"]
[WhiteElo "1846"]
[BlackElo "1749"]

1. e4 c6 2. d4 d5 3. Nc3 dxe4 4. Nxe4 Nf6 5. Nxf6+ exf6 6. c3 Na6 7. Bd3 Nc7 8. Ne2 Bd6 9.
O-O O-O 10. Qc2 g6 11. a4 Nd5 12. Re1 Qc7 13. Ng3 f5 14. Nf1 Nf4 15. Bc4 b5 16. Bxf4 Bxf4 17. axb5 cxb5 18. Bxb5 a6 19.
Bd3 Bb7 20. Kh1 Rfd8 21. f3 a5 22. Re2 Rac8 23. Qa4 Qd6 24. Bb5 Kf8 25. Qa3 Qxa3 26. Rxa3 Ra8 27. Nd2 Bc7 28. Nb3 Bb6 29.
Re5 Bc7 30. Re1 Ra7 31. c4 Ba6 32. Bxa6 Rxa6 33. d5 Rb6 34. Nxa5 Rxb2 35. Nc6 Rc8 36. Ra4 Bd6 37. g3 Rc2 38.
f4 Kg7 39. h4 Rc7 40. Rg1 Rb7 41. Nd4 Rd2 42. Nb5 Re7 43. Nxd6 Ree2 44. Rga1 1/2-1/2